 Dungeon Crawl Stone Soup version 0.31-a0-358-gac0dbeb3ab (webtiles) character file.

Game seed: 15941017192346607483

236 spiderkeys the Changeling (level 6, 0/41 HPs)
             Began as an Octopode Shapeshifter on July 25, 2023.
             Slain by an ice beast (14 damage)
             ... on level 5 of the Dungeon.
             The game lasted 00:05:11 (2694 turns).

spiderkeys the Changeling (Octopode Shapeshifter)   Turns: 2694, Time: 00:05:11

Health: 0/41       AC:  1    Str: 14    XL:     6   Next: 6%
Magic:  6/6        EV: 19    Int: 13    God:
Gold:   199        SH:  0    Dex: 12    Spells: 5/5 levels left

rFire   . .          .
                       - Unarmed
rCold   . . .        (no shield)
rNeg    . . .        (helmet currently unavailable)
rPois   .            (no amulet)
rElec   .            E - +5 ring of evasion
rCorr   .            (no ring)
SInv    .            (no ring)
Will    .....        (no ring)
Stlth   ++           (no ring)
HPRegen 0.26/turn    (no ring)
MPRegen 0.10/turn    (no ring)
                     (no ring)

%: no passive effects
@: beast-form
A: beast (slay +2), almost no armour, amphibious, 8 rings, camouflage 1,
gelatinous body 1, (nimble swimmer 1), tentacles
a: Begin Untransformation


You were on level 5 of the Dungeon.
You were a hulking beast.
You visited 1 branch of the dungeon, and saw 5 of its levels.

You collected 199 gold pieces.


Innate Abilities, Weirdness & Mutations

You are a hulking beast.
Your limbs bulge with bestial killing power. (Slay +2)
You cannot wear most types of armour.
You are amphibious.
You can wear up to eight rings at the same time.
Your skin changes colour to match your surroundings (Stealth+).
Your rubbery body absorbs attacks. (AC +1, EV +1)
((You are camouflaged when in or above water. (Stealth+)))
You have tentacles for arms and can constrict up to eight enemies at once.


   Skills:
 + Level 2.8 Fighting
 + Level 3.4 Dodging
 - Level 3.7 Unarmed Combat
 * Level 4.2 Shapeshifting


You had 5 spell levels left.
You didn't know any spells.
Your spell library contained the following spells:

 Spells                   Type           Power      Damage    Failure   Level
 Sandblast                Erth           0%         2d4       30%         1
 Ensorcelled Hibernation  Hex/Ice        0%         N/A       43%         2
 Passwall                 Tmut/Erth      0%         N/A       43%         2
 Stone Arrow              Conj/Erth      0%         3d7       67%         3
 Swiftness                Air            0%         N/A       67%         3
 Vhi's Electric Charge    Tloc/Air       0%         N/A       67%         3
 Arcjolt                  Conj/Air       0%         1d10      100%        5
 Plasma Beam              Fire/Air       0%         2x1d10    100%        6

Inventory:

Missiles
 d - 46 stones
 o - 5 poisoned darts
Magical Staves
 f - a staff of earth {!a}
   (You found it on level 1 of the Dungeon)
Jewellery
 E - a +5 ring of evasion (left tentacle)
   (You found it on level 3 of the Dungeon)
Talismans
 b - a beast talisman
 l - a granite talisman
   (You found it on level 3 of the Dungeon)
Scrolls
 c - a scroll of immolation {unknown}
 e - a scroll of vulnerability {unknown}
 g - a scroll of enchant weapon {unknown}
 h - a scroll of fog {unknown}
 j - 3 scrolls of identify {unknown}
 k - 2 scrolls of fear {unknown}
 p - 2 scrolls of noise {unknown}
Potions
 a - 2 potions of lignification {!q}
 i - a potion of berserk rage {unknown}
 m - 2 potions of curing {@q1}
 n - a potion of enlightenment {unknown}

Dungeon Overview and Level Annotations

Branches:
Dungeon (5/15) Zot: 26970
 Temple: D:4-7

Altars:
Qazlal

Shops:
D:1 [   D:2 !

Annotations:
D:3 3 runed translucent doors, garrulousMonolith's ghost, amateur OpSh

######## #.....<#
### #.####.# ..
#.####.### #.
#.##.....#
#..#.#.####.##.#.#.#
......Yh.........#.#
#.#..#.####......#.#
... #. ########.# <
.. #.. .## ### #. .
##


You could see an ice beast.


Message History

You bludgeon the goblin!
You kill the goblin!
A goblin comes into view. It is wielding a +3 dagger.
The goblin shouts!
You bludgeon the goblin!
You kill the goblin!
You see here a +3 dagger.
You pick up a book of Lightning and begin reading...
You add the spells Vhi's Electric Charge, Arcjolt and Plasma Beam to your library.
Things that are here:
a +1 dagger of draining; a goblin corpse
Things that are here:
a +1 dagger of draining; a goblin corpse
Things that are here:
a +1 dagger of draining; a goblin corpse
Things that are here:
a +1 dagger of draining; a goblin corpse
Things that are here:
a +1 dagger of draining; a goblin corpse
Things that are here:
a +1 dagger of draining; a goblin corpse You see here a +3 dagger.
You see here a +3 dagger.
You see here a +3 dagger.
You see here a +3 dagger.
You see here a +3 dagger.
You see here a +3 dagger.
You see here a +3 dagger.
You see here a +0 ring mail.
Key pressed, stopping explore.
Key pressed, stopping explore.
As you open the door, it creaks loudly!
You hear an angry hiss.
An adder comes into view.
An adder is nearby!
There is an open door here.
The adder bites you.
You are poisoned.
The adder poisons you! 😕 HP[-3]
You take 3 damage, and now have 38/41 hp.
You tentacle-slap the adder. You grab the adder. You constrict the adder.
You feel sick. The adder barely misses you. 😕 HP[-1]
You take 1 damage, and now have 37/41 hp.
You tentacle-slap the adder.
You kill the adder!
You feel sick. 😕 HP[-1]
You take 1 damage, and now have 36/41 hp.
No target in view!
No target in view!
You feel sick.
You feel sick.
You feel sick.
You are no longer poisoned.
You see here an adder corpse.
You see here an adder corpse.
There is an open door here.
Key pressed, stopping explore.
Key pressed, stopping explore.
Things that are here:
a +1 dagger of draining; a goblin skeleton
Found a stone staircase leading up. 😎 HP[+5]
Your hp is fully restored (41).
Key pressed, stopping explore.
d - 46 stones (gained 2) Done exploring.
Done exploring.
Done exploring.
There is a stone staircase leading down here.
You climb downwards.
There is a stone staircase leading up here.
An ice beast comes into view.
An ice beast is nearby!
Found a stone staircase leading up.
The ice beast hits you. The ice beast freezes you! 😕 HP[-10]
You take 10 damage, and now have 31/41 hp.
MASSIVE DAMAGE!! (PAUSE)
You tentacle-slap the ice beast but do no damage.
You squeeze the ice beast. 😕 HP[+1]
You completely miss the ice beast.
The ice beast hits you but does no damage.
You tentacle-slap the ice beast. The ice beast misses you.
You barely miss the ice beast. The ice beast misses you.
You tentacle-slap the ice beast. The ice beast misses you. 😕 HP[+1]
You closely miss the ice beast. The ice beast hits you.
The ice beast freezes you!
* * * LOW HITPOINT WARNING * * *
😨 HP[-17]
You take 17 damage, and now have 16/41 hp.
MASSIVE DAMAGE!! (PAUSE)
You tentacle-slap the ice beast. You squeeze the ice beast.
The ice beast hits you.
* * * LOW HITPOINT WARNING * * *
The ice beast freezes you!
You die...

Skill      XL: |  1  2  3  4  5 |
---------------+----------------+-----
Fighting       | 2 |  2.8
Dodging        | 3 |  3.4
Shapeshifting  | 4 |  4.2
Unarmed Combat | |  3.7

Action                     |  1- 3 |  4- 6 || total
---------------------------+-------+-------++-------
  Melee: Unarmed           |    64 |    79 ||   143
         Constrict         |    13 |    22 ||    35
         Tentacles         |    10 |    17 ||    27
         Punch             |     1 |     2 ||     3
    Use: Potion            |     1 |     1 ||     2
   Stab: Sleeping          |     3 |     7 ||    10
 Armour: Skin              |     7 |     3 ||    10
  Dodge: Dodged            |    70 |    62 ||   132

Levels and vault maps discovered:
D:1:      tarquinn_simple_flora_water_d, layout_rooms, serial_shops, shop,
          chequers_ecumenical_altar_island
D:2:      layout_rooms, serial_undead, serial_undead_a, serial_undead_a,
          serial_undead_a, serial_undead_c, serial_shops,
          nicolae_shop_hallway_plus
D:3:      layout_loops_ring, gammafunk_ghost_split, serial_park_tiny_pond,
          chequers_garden, serial_bayou_pond_c
D:4:      layout_cave_pools, lemuel_round_altar, kennysheep_generic_room_8
D:5:      layout_loops_cross, minmay_temple_entry_sparse_star, serial_shops,
          shop, grunt_tough_drop, uniq_sigmund

Notes
Turn   | Place    | Note
-------+----------+-------------------------------------------
     0 | D:1      | spiderkeys the Octopode Shapeshifter began the quest for
                  | the Orb.
     0 | D:1      | Reached XP level 1. HP: 13/13 MP: 1/1
     0 | D:1      | magus.rc [v1.11.3]
   108 | D:1      | Reached XP level 2. HP: 14/18 MP: 2/2
   280 | D:1      | Found Voofij's Armour Shoppe.
   374 | D:1      | Reached XP level 3. HP: 16/23 MP: 3/3
   411 | D:1      | Found a faded altar of an unknown god.
   606 | D:2      | HP: 4/23 [poisoned by an adder]
   765 | D:1      | Reached XP level 4. HP: 17/29 MP: 4/4
   823 | D:2      | HP: 3/29 [gnoll/+0 whip (5)]
   824 | D:2      | HP: 1/29 [jackal (1)]
   825 | D:2      | Reached skill level 2 in Fighting
   984 | D:2      | You pick up a book of Geomancy and begin reading...
   984 | D:2      | You add the spells Sandblast, Passwall and Stone Arrow to
                  | your library.
   988 | D:2      | You pick up a book of Burglary and begin reading...
   988 | D:2      | You add the spells Ensorcelled Hibernation and Swiftness to
                  | your library.
  1187 | D:2      | Found Jaaw Bul's Distillery.
  1469 | D:3      | Found a runed translucent gate.
  1470 | D:3      | Found a runed translucent gate.
  1471 | D:3      | Found a runed translucent gate.
  1476 | D:3      | Noticed garrulousMonolith's ghost (amateur OpSh)
  1485 | D:3      | Noticed a scorpion
  1567 | D:3      | Reached XP level 5. HP: 28/34 MP: 5/5
  1571 | D:3      | Reached skill level 3 in Dodging
  2084 | D:4      | Noticed a black bear
  2090 | D:4      | Killed a black bear
  2091 | D:4      | Reached skill level 4 in Shapeshifting
  2263 | D:4      | Reached XP level 6. HP: 41/41 MP: 6/6
  2270 | D:4      | Found a stormy altar of Qazlal.
  2301 | D:4      | You pick up a book of Lightning and begin reading...
  2301 | D:4      | You add the spells Vhi's Electric Charge, Arcjolt and
                  | Plasma Beam to your library.
  2665 | D:5      | Entered Level 5 of the Dungeon
  2684 | D:5      | Noticed an ice beast
  2694 | D:5      | Slain by an ice beast

Vanquished Creatures
  A black bear (D:4)
  3 gnolls (D:2)
  4 adders
  An adder zombie (D:2)
  A worm (D:4)
  8 ball pythons
  6 endoplasms
  3 giant cockroaches
  3 hobgoblins
  8 jackals
  6 kobolds
  4 quokkas (D:1)
  2 ball python zombies (D:2)
  7 bats
  3 frilled lizards
  A giant cockroach zombie (D:2)
  12 goblins
  2 rats
75 creatures vanquished.

Table legend:
 A = Non-vault XP
 B = Vault XP
 C = Vault XP percentage of total XP
 D = Non-vault monster count
 E = Vault monster count
 F = Vault count percentage of total count
                 A         B        C        D         E       F
            +---------+---------+-------+---------+---------+-------
      Total |     316 |      22 |   6.5 |      70 |       5 |   6.7
            +---------+---------+-------+---------+---------+-------
        D:1 |      54 |       0 |   0.0 |      32 |       0 |   0.0
        D:2 |      87 |       9 |   9.4 |      18 |       4 |  18.2
        D:3 |      23 |       0 |   0.0 |       7 |       0 |   0.0
        D:4 |     152 |      13 |   7.9 |      13 |       1 |   7.1
            +---------+---------+-------+---------+---------+-------

Skill      XL: |  1  2  3  4  5 |
---------------+----------------+-----
Fighting       | 2 |  2.8
Dodging        | 3 |  3.4
Shapeshifting  | 4 |  4.2
Unarmed Combat | |  3.7

Action                     |  1- 3 |  4- 6 || total
---------------------------+-------+-------++-------
  Melee: Unarmed           |    64 |    79 ||   143
         Constrict         |    13 |    22 ||    35
         Tentacles         |    10 |    17 ||    27
         Punch             |     1 |     2 ||     3
    Use: Potion            |     1 |     1 ||     2
   Stab: Sleeping          |     3 |     7 ||    10
 Armour: Skin              |     7 |     3 ||    10
  Dodge: Dodged            |    70 |    62 ||   132

Illustrated notes

Table legend:
 A = Kills in this place as a percentage of kills in the entire game.
 B = Kills by you in this place as a percentage of kills by you in the entire game.
 C = Kills by friends in this place as a percentage of kills by friends in the entire game.
 D = Other kills in this place as a percentage of other kills in the entire game.
 E = Experience gained in this place as a percentage of experience gained in the entire game.
 F = Experience gained in this place divided by the number of levels of this place that you have seen.
                   A       B       C       D       E      F
               +-------+-------+-------+-------+-------+----------------------
         Total | 100.0 | 100.0 |   N/A |   N/A | 100.0 |  67.6
       Dungeon | 100.0 | 100.0 |   N/A |   N/A | 100.0 |  67.6
               +-------+-------+-------+-------+-------+----------------------

Table legend: (Time is in decaauts)
 A = Elapsed time spent in this place.
 B = Non-inter-level travel time spent in this place.
 C = Inter-level travel time spent in this place.
 D = Time resting spent in this place.
 E = Time spent auto-exploring this place.
 F = Levels seen in this place.
 G = Mean time per level.
                   A        B        C        D        E       F      G
               +--------+--------+--------+--------+--------+-----+--------+
         Total |   2686 |   2643 |     43 |     96 |   2000 |   5 |  537.2 |
       Dungeon |   2686 |   2643 |     43 |     96 |   2000 |   5 |  537.2 |
               +--------+--------+--------+--------+--------+-----+--------+

Top non-repeatable levels by time:
     D:1: 707 daAuts
     D:2: 671 daAuts
     D:4: 670 daAuts
     D:3: 608 daAuts
     D:5: 28 daAuts
